 Dungeon Sprint DCSS version 0.26.1-11-gd32895ea62 (webtiles) character file.

Game seed: 11935755333306442512

13888 Zeld the Warrior (level 11, -4/177 HPs)
             Began as a Minotaur Berserker on June 9, 2021.
             Was the Champion of Trog.
             Slain by a blink frog (6 damage)
             ... in the Dungeon (Sprint VII: "The Pits").
             The game lasted 00:07:18 (5272 turns).

Zeld the Warrior (Minotaur Berserker)               Turns: 5272, Time: 00:07:19

Health: -4/177     AC: 21    Str: 24    XL:     11   Next: 81%
Magic:  10/10      EV: 15    Int:  4    God:    Trog [******]
Gold:   0          SH:  0    Dex: 11    Spells: 10/10 levels left

rFire    . . .     SeeInvis .   a - +2 war axe (vorpal)
rCold    . . .     Faith    .   (no shield)
rNeg     . . .     Spirit   .   p - +3 plate armour
rPois    .         Reflect  .   (helmet restricted)
rElec    .         Harm     .   b - scarf {+Inv}
rCorr    .         Rampage  .   (no gloves)
Will     .....     NoTele   +   (no boots)
Stlth    ..........             (no amulet)
HPRegen  0.39/turn              (no ring)
MPRegen  0.12/turn              (no ring)

@: berserking (expiring), very quick
A: retaliatory headbutt, horns 2
a: Renounce Religion, Evoke Invisibility, Berserk, Trog's Hand, Brothers in Arms


You were in the Dungeon.
You worshipped Trog.
Trog was exalted by your worship.
You visited 1 branch

Inventory:

Hand Weapons
 a - a +2 vorpal war axe (weapon)
Armour
 b - a scarf of invisibility (worn)
 p - a +3 plate armour (worn)
Wands
 s - a wand of polymorph (7)
Scrolls
 h - a scroll of blinking
 j - 5 scrolls of remove curse
 k - a scroll of summoning
 l - 2 scrolls of fog
 q - 3 scrolls of fear
 r - 2 scrolls of identify
Potions
 c - 7 potions of curing
 d - 8 potions of heal wounds
 e - 5 potions of haste
 f - 4 potions of magic
 g - 5 potions of berserk rage
 i - 3 potions of invisibility
 m - a potion of resistance
 o - a potion of might
Miscellaneous
 n - a lightning rod (4/4)


   Skills:
 + Level 17.8 Fighting
 - Level 16.0 Axes
 + Level 17.6 Armour
 + Level 16.3 Dodging


You had 10 spell levels left.
You didn't know any spells.
Your spell library was empty.

Dungeon Overview and Level Annotations

Branches:
Dungeon (1/1)

Altars:
Ashenzari
Cheibriados
Dithmenos
Elyvilon
Fedhas
Gozag
Hepliaklqana
Kikubaaqudgha
Makhleb
Nemelex Xobeh
Okawaru
Qazlal
Ru
Sif Muna
Trog
Uskayaw
Vehumet
Wu Jian
Xom
Yredelemnul
Zin
The Shining One
Beogh
Jiyva
Lugonu

Annotations:
D Aizul


Innate Abilities, Weirdness & Mutations

You reflexively headbutt those who attack you in melee.
You have a pair of horns on your head.


Message History

A blink frog comes into view.
You miss Aizul.
Aizul is severely wounded.
You miss the blink frog. Aizul closely misses you.
The blink frog closely misses you. You furiously retaliate!
You headbutt the blink frog.
Unknown command.
Press: ? - help, v - describe, . - travel, g - get item
Here: Aizul (severely wounded)
Items here: ! )) [ †††.
The floor, spattered with blood.
Your plate armour prevents you from hitting Aizul.
Aizul is severely wounded.
You slash the blink frog! You barely miss the blink frog.
Aizul barely misses you.
Unknown command.
You miss Aizul.
Aizul is severely wounded.
You slash the blink frog! x2; The blink frog hits you.
You die...

#..........#
#####################..#....#..#
...................''..........#
...................''..........#
.################..##..#....#..#
.# #.# #..##..........+ .#
#§##..##..........+ .#
#S#†.####++####++# .# #@†.# .#
#F#F.# .################..#
...................#
...................#
########''##########
########''######
...............#
.....#..#......#


You could see Aizul and 2 blink frogs.

Vanquished Creatures
  Rupert (D)
  An emperor scorpion (D)
  A deep elf annihilator (D)
  A boulder beetle (D)
  A centaur warrior (D)
  A two-headed ogre (D)
  A cyclops (D)
  An elephant (D)
  A komodo dragon (D)
  A rime drake (D)
  A hellwing (D)
  A guardian mummy (D)
  A merfolk (D)
  A hornet (D)
  A tyrant leech (D)
  4 blink frogs (D)
  7 yaks (D)
  An orc warrior (D)
  A swamp drake (D)
  A necrophage (D)
  A small abomination (D)
  3 centaurs (D)
  A gnoll sergeant (D)
  An orc wizard (D)
  A worker ant (D)
  An iguana (D)
  A gnoll (D)
  An adder (D)
  A river rat (D)
  A white imp (D)
  2 oozes (D)
  An adder skeleton (D)
  An adder zombie (D)
  3 orcs (D)
  A giant cockroach (D)
  5 jackals (D)
  2 quokkas (D)
  A bat (D)
  A frilled lizard (D)
  A kobold (D)
59 creatures vanquished.

Vanquished Creatures (collateral kills)
  A catoblepas (D)
  A boulder beetle (D)
  A deep elf knight (D)
  A lindwurm (D)
  An orc sorcerer (D)
  Joseph (D)
  A smoke demon (D)
  An orange demon (D)
  A rime drake (D)
  A hellwing (D)
  A hornet (D)
  A tarantella (D)
  5 redbacks (D)
  3 yaks (D)
  A steam dragon (D)
  A floating eye (D)
  An ice beast (D)
  A centaur (D)
  An orc wizard (D)
  Ijyb (D)
  2 gnolls (D)
  A white imp (D)
  An adder skeleton (D)
  A leopard gecko (D)
  A jackal (D)
32 creatures vanquished.

Vanquished Creatures (others)
  A bat (D)
1 creature vanquished.

Grand Total: 92 creatures vanquished

Notes
Turn   | Place    | Note
-------+----------+-------------------------------------------
     0 | D        | Zeld the Minotaur Berserker began the quest for the Orb.
     0 | D        | Reached XP level 1. HP: 19/19 MP: 0/0
    20 | D        | Found a bloodstained altar of Trog.
    20 | D        | Found a shimmering blue altar of Sif Muna.
    20 | D        | Found a viscous altar of Jiyva.
    20 | D        | Found a hazy altar of Hepliaklqana.
    20 | D        | Found an opulent altar of Gozag.
    21 | D        | Found a glowing golden altar of the Shining One.
    21 | D        | Found a glowing silver altar of Zin.
    21 | D        | Found a basalt altar of Yredelemnul.
    21 | D        | Found a shimmering altar of Xom.
    21 | D        | Found an ornate altar of the Wu Jian Council.
    21 | D        | Found a sacrificial altar of Ru.
    21 | D        | Found a stormy altar of Qazlal.
    21 | D        | Found an iron altar of Okawaru.
    21 | D        | Found a sparkling altar of Nemelex Xobeh.
    21 | D        | Found a burning altar of Makhleb.
    21 | D        | Found a blossoming altar of Fedhas.
    21 | D        | Found a white marble altar of Elyvilon.
    21 | D        | Found a shadowy altar of Dithmenos.
    21 | D        | Found a snail-covered altar of Cheibriados.
    22 | D        | Found a radiant altar of Vehumet.
    22 | D        | Found a corrupted altar of Lugonu.
    22 | D        | Found a roughly hewn altar of Beogh.
    23 | D        | Found a hide-covered altar of Uskayaw.
    23 | D        | Found an ancient bone altar of Kikubaaqudgha.
    23 | D        | Found a broken altar of Ashenzari.
   240 | D        | Reached ** piety under Trog
   527 | D        | Reached skill level 5 in Axes
   527 | D        | Reached XP level 2. HP: 28/28 MP: 1/1
   935 | D        | Reached *** piety under Trog
   938 | D        | Reached XP level 3. HP: 35/35 MP: 2/2
  1220 | D        | Noticed Ijyb
  1220 | D        | Noticed an ice beast
  1232 | D        | Reached **** piety under Trog
  1233 | D        | Reached skill level 5 in Fighting
  1235 | D        | Noticed a floating eye
  1237 | D        | Noticed an orc warrior
  1242 | D        | Paralysed by a floating eye for 2 turns
  1257 | D        | Killed Ijyb
  1258 | D        | Reached skill level 5 in Armour
  1258 | D        | Reached XP level 4. HP: 25/44 MP: 3/3
  1258 | D        | Paralysed by a floating eye for 2 turns
  1262 | D        | Paralysed by a floating eye for 3 turns
  1264 | D        | Killed an ice beast
  1265 | D        | Reached skill level 5 in Dodging
  1265 | D        | Reached XP level 5. HP: 30/51 MP: 4/4
  1265 | D        | Killed a floating eye
  1265 | D        | Reached ***** piety under Trog
  1280 | D        | Killed an orc warrior
  1281 | D        | Reached skill level 10 in Axes
  1281 | D        | Reached XP level 6. HP: 58/61 MP: 5/5
  1557 | D        | Noticed a tyrant leech
  1571 | D        | Killed a tyrant leech
  1572 | D        | Reached XP level 7. HP: 36/70 MP: 6/6
  1880 | D        | Noticed a hornet
  1880 | D        | Noticed a rime drake
  1888 | D        | Killed a rime drake
  1899 | D        | Killed a hornet
  1904 | D        | Reached skill level 10 in Fighting
  1955 | D        | Reached XP level 8. HP: 57/79 MP: 7/7
  1961 | D        | Reached skill level 10 in Armour
  2437 | D        | Noticed a deep elf knight
  2447 | D        | Reached ****** piety under Trog
  2447 | D        | Received a gift from Trog
  2451 | D        | Killed a deep elf knight
  2903 | D        | Noticed an orc sorcerer
  2903 | D        | Noticed a boulder beetle
  2903 | D        | Noticed a hellwing
  2910 | D        | Killed an orc sorcerer
  2912 | D        | Killed a boulder beetle
  2913 | D        | Reached skill level 15 in Axes
  2913 | D        | Reached skill level 10 in Dodging
  2913 | D        | Reached XP level 9. HP: 40/89 MP: 8/8
  2913 | D        | Killed a hellwing
  3130 | D        | Noticed a merfolk
  3131 | D        | Noticed a rime drake
  3131 | D        | Noticed a guardian mummy
  3141 | D        | Killed a merfolk
  3144 | D        | Killed a rime drake
  3146 | D        | Killed a guardian mummy
  3515 | D        | Noticed Joseph
  3515 | D        | Noticed a lindwurm
  3525 | D        | Killed a lindwurm
  3528 | D        | Killed Joseph
  3569 | D        | Noticed a komodo dragon
  3576 | D        | Killed a komodo dragon
  3577 | D        | Reached XP level 10. HP: 96/101 MP: 9/9
  3722 | D        | Noticed a smoke demon
  3722 | D        | Noticed a catoblepas
  3729 | D        | Killed a catoblepas
  3739 | D        | Killed a smoke demon
  3739 | D        | Received a gift from Trog
  4127 | D        | Noticed a two-headed ogre
  4132 | D        | Killed a two-headed ogre
  4465 | D        | Noticed an orange demon
  4467 | D        | Noticed an elephant
  4472 | D        | Killed an orange demon
  4477 | D        | Noticed an emperor scorpion
  4555 | D        | Killed an emperor scorpion
  4556 | D        | Reached skill level 15 in Fighting
  4556 | D        | Reached skill level 15 in Armour
  4576 | D        | Killed an elephant
  4576 | D        | Received a gift from Trog
  4577 | D        | Reached XP level 11. HP: 87/113 MP: 10/10
  5232 | D        | Noticed a centaur warrior
  5237 | D        | Noticed Rupert
  5238 | D        | Killed a centaur warrior
  5240 | D        | Noticed a boulder beetle
  5248 | D        | Reached skill level 15 in Dodging
  5254 | D        | Killed Rupert
  5254 | D        | Noticed a deep elf annihilator
  5258 | D        | Killed a deep elf annihilator
  5258 | D        | Received a gift from Trog
  5259 | D        | Noticed Aizul
  5262 | D        | Killed a boulder beetle
  5268 | D        | HP: 1/177 [blink frog (12)]
  5272 | D        | Slain by a blink frog

Illustrated notes

Levels and vault maps discovered:
D:        pitsprint [storerooms_1, entrance_room_1, metal_vault_3, armoury_3,
          mini_pit_1, grid_room_1, main_hall_1, silver_pit, the_coven_3,
          the_vestibule_1, steel_vault_5, golden_pit, hallway_of_sentries,
          crystal_vault_6, iron_vault_1, final_vault]

Skill      XL: |  1  2  3  4  5  6  7  8  9 10 11 |
---------------+----------------------------------+-----
Fighting       | 4 5 6 7 9 10 11 13 15 17 | 17.8
Axes           | 5 6 7 8 10 12 13 15 16 | 16.0
Armour         | 3 4 5 7 8 9 11 13 15 17 | 17.6
Dodging        | 3 4 5 6 7 8 10 12 14 16 | 16.3

Action                   |  1- 3 |  4- 6 |  7- 9 | 10-12 || total
-------------------------+-------+-------+-------+-------++-------
Melee: Hand axe          |    31 |    31 |    15 |       ||    77
       Headbutt          |     1 |     5 |    11 |    17 ||    34
       War axe           |       |       |    33 |    94 ||   127
Invok: Berserk           |     1 |     2 |     3 |     3 ||     9
       Brothers in Arms  |     1 |       |     8 |     5 ||    14
  Use: Potion            |       |       |       |     4 ||     4
Armor: Animal skin       |     7 |       |       |       ||     7
       Plate armour      |       |     4 |    27 |    52 ||    83
Dodge: Dodged            |    30 |    13 |    25 |    68 ||   136
